 Dungeon Crawl Stone Soup version 0.14.0-6-g1bc2dff (webtiles) character file.

2124 Kejsarherre the Fighter (level 9, -6/52 HPs)
             Began as a Vine Stalker Wanderer on Apr 11, 2014.
             Was a Priest of Okawaru.
             Mangled by a troll (7 damage)
             ... on Level 7 of the Dungeon.
             The game lasted 00:19:34 (5134 turns).

Kejsarherre the Fighter (Vine Stalker Wanderer)     Turns: 5134, Time: 00:19:35

HP  -6/52        AC 13     Str 19      XL: 9   Next:  5%
MP   0/13        EV  5     Int 12      God: Okawaru [***...]
Gold 393         SH  0     Dex 13      Spells:  0 memorised,  8 levels left

rFire  . . .     SeeInvis .     a - +3,+2 quarterstaff (curse)
rCold  . . .     Clarity  .     s - +0 plate armour
rNeg   . . .     Conserve +     (no shield)
rPois  .         rCorr    .     (no helmet)
rElec  .         rRot     +     (no cloak)
SustAb . .       Spirit   +     p - +0 pair of gloves
rMut   .         Warding  .     (no boots)
Saprov . . .     Stasis   .     m - amulet of conservation
MR     +....                    (no ring)
                                (no ring)

@: heroism, somewhat resistant to hostile enchantments, extremely unstealthy
A: fangs 3, regeneration 2, magic shield, antimagic bite, no device heal
a: Heroism, Renounce Religion


You were on level 7 of the Dungeon.
You worshipped Okawaru.
Okawaru was most pleased with you.
You were not hungry.

You visited 2 branches of the dungeon, and saw 8 of its levels.

You collected 393 gold pieces.

Inventory:

Hand weapons
 a - a cursed +3,+2 quarterstaff (weapon)
Armour
 p - a +0 pair of gloves (worn)
 s - a +0 plate armour (worn)
Magical devices
 r - a wand of fire (10)
Comestibles
 b - 2 meat rations
 f - 4 bread rations
 j - a choko
 k - an apricot
 o - an apple
 t - 2 chunks of giant frog flesh
Scrolls
 i - 5 scrolls of remove curse
 l - a scroll of enchant weapon I
 q - 2 scrolls of blinking
Jewellery
 m - an amulet of conservation (around neck)
Potions
 c - 2 potions of cure mutation
 d - 2 potions of berserk rage {unknown}
 e - 2 potions of resistance
 g - 5 potions of curing
 h - a potion of invisibility {unknown}
 n - a potion of restore abilities


   Skills:
 + Level 8.4(13.4) Fighting
 * Level 7.5(12.5) Staves
   Level 1.0(6.0) Bows
 - Level 1.0(6.0) Throwing
 - Level 1.2(6.2) Stealth
 - Level 1.0 Evocations


You had 8 spell levels left.
You didn't know any spells.

Dungeon Overview and Level Annotations

Branches:
Dungeon (7/15)             Temple (1/1) D:4

Altars:
Elyvilon
Kikubaaqudgha
Okawaru
Sif Muna
Vehumet
Xom
Yredelemnul
Zin

Shops:
D:4 ?


Innate Abilities, Weirdness & Mutations

You are immune to rotting.
You have razor-sharp teeth.
You heal very quickly.
When hurt, damage is shared between your health and your magic reserves.
Your bite disrupts and absorbs the magic of your enemies.
Potions and wands cannot restore your HP.


Message History

You sock the troll!
The troll is heavily wounded.
The troll bites you! The troll claws you but does no damage.
The troll claws you!
You sock the troll! Your bite misses the troll.
The troll is severely wounded.
The troll bites you!
* * * LOW HITPOINT WARNING * * *
The troll completely misses you. The troll claws you but does no damage.
You hit the troll but do no damage. You bite the troll. You drain its power.
You feel invigorated.
The troll is severely wounded.
You hit the troll.
The troll is almost dead.
The troll bites you!
* * * LOW HITPOINT WARNING * * *
The troll claws you!
* * * LOW HITPOINT WARNING * * *
The troll claws you!
You die...

#.#.#.##.....# ..#
#...... #..###..#.
#....####..#......
#.......%..#.#..###
#...#####.##.#..... #>..#
#......# #...# ###....##
#...# #....$..##..##
####.^.#####....@T.......
....................##...
.................##.....
.....(............ ##..
####...#####.##...# .
#...# #.##.... #...# #.
##..## #...# #..#
####...# ...


You could see a troll.

Vanquished Creatures
  A soldier ant (D:7)
  Menkaure (D:7)
  A phantom (D:6)
  2 ogres (D:7)
  An orc warrior (D:6)
  A sky beast (D:5)
  3 giant frogs
  3 scorpions
  A centaur zombie (D:6)
  4 hounds
  A crimson imp (D:7)
  A centaur skeleton (D:4)
  An orc priest (D:6)
  5 orc wizards
  An iguana (D:5)
  4 worker ants
  A hound zombie (D:6)
  3 gnolls (D:5)
  A worker ant zombie (D:7)
  5 adders
  3 giant mites
  2 shadow imps
  A worm (D:4)
  An adder zombie (D:5)
  A giant eyeball (D:4)
  3 giant geckos
  8 orcs
  A ball python (D:4)
  2 bats
  6 giant cockroaches
  9 hobgoblins
  2 jackals (D:3)
  6 kobolds
  7 quokkas
  A ball python skeleton (D:4)
  5 giant newts
  10 goblins
  A goblin skeleton (D:5)
  A hobgoblin zombie (D:6)
  2 kobold skeletons (D:4)
  A quokka skeleton (D:4)
  14 rats
  2 rat skeletons
  2 ballistomycetes (D:6)
132 creatures vanquished.

Vanquished Creatures (others)
  A worker ant (D:4)
  3 orcs (D:4)
  2 quokkas (D:4)
  A giant spore (D:6)
  A kobold (D:4)
  A rat (D:4)
9 creatures vanquished.

Grand Total: 141 creatures vanquished

Notes
Turn   | Place    | Note
--------------------------------------------------------------
     0 | D:1      | Kejsarherre, the Vine Stalker Wanderer, began the quest for the Orb.
     0 | D:1      | Reached XP level 1. HP: 14/14 MP: 1/1
   228 | D:1      | Reached skill level 5 in Fighting
   228 | D:1      | Reached XP level 2. HP: 16/18 MP: 3/3
   750 | D:2      | Reached XP level 3. HP: 15/23 MP: 2/4
   943 | D:2      | Found a basalt altar of Yredelemnul.
  1001 | D:2      | Reached XP level 4. HP: 13/28 MP: 5/5
  1546 | D:3      | Found a deep blue altar of Sif Muna.
  1985 | D:4      | Reached skill level 6 in Fighting
  2239 | D:4      | Found Anaris' Magic Scroll Boutique.
  2384 | D:3      | Reached XP level 5. HP: 28/32 MP: 7/7
  2587 | D:4      | Found a staircase to the Ecumenical Temple.
  2595 | Temple   | Entered the Ecumenical Temple
  2613 | Temple   | Became a worshipper of Warmaster Okawaru
  2834 | D:4      | Found a shimmering altar of Xom.
  3001 | D:5      | Entered Level 5 of the Dungeon
  3065 | D:5      | Gained mutation: You heal very quickly. [vine stalker growth]
  3065 | D:5      | Reached XP level 6. HP: 34/37 MP: 9/9
  3120 | D:5      | Reached skill level 7 in Fighting
  3274 | D:5      | Acquired Okawaru's first power
  3448 | D:5      | Reached XP level 7. HP: 37/42 MP: 7/10
  3501 | D:5      | Noticed a sky beast
  3511 | D:5      | Killed a sky beast
  3595 | D:5      | Found a radiant altar of Vehumet.
  3596 | D:5      | Found a glowing silver altar of Zin.
  4275 | D:6      | Gained mutation: You have razor-sharp teeth. [vine stalker growth]
  4275 | D:6      | Reached XP level 8. HP: 36/47 MP: 10/12
  4284 | D:6      | Reached skill level 8 in Fighting
  4306 | D:6      | Reached skill level 5 in Staves
  4947 | D:7      | Found a white marble altar of Elyvilon.
  5087 | D:7      | Noticed Menkaure
  5092 | D:7      | Killed Menkaure
  5104 | D:7      | Reached XP level 9. HP: 44/52 MP: 10/13
  5121 | D:7      | Noticed a troll
  5134 | D:7      | HP: 1/52 [troll (4)]
  5134 | D:7      | Mangled by a troll

Action                   |  1- 3 |  4- 6 |  7- 9 || total
-------------------------+-------+-------+-------++-------
Melee: Quarterstaff      |    67 |   171 |   194 ||   432
Invok: Heroism           |       |       |     2 ||     2
Evoke: Wand              |       |       |     1 ||     1
  Use: Scroll            |     8 |     8 |     5 ||    21
       Potion            |     2 |       |     1 ||     3
 Stab: Sleeping          |     1 |     1 |       ||     2
